 Dungeon Crawl Stone Soup version 0.19.1 (webtiles) character file.

3357 Firecrotchwizard the Basher (level 9, -6/85 HPs)
             Began as a Minotaur Fighter on Dec 16, 2016.
             Was a Believer of Okawaru.
             Mangled by a hill giant
             ... wielding a +0 giant spiked club
              (33 damage)
             ... on level 7 of the Dungeon.
             The game lasted 00:13:34 (4968 turns).

Firecrotchwizard the Basher (Minotaur Fighter)      Turns: 4968, Time: 00:13:34

Health: -6/85      AC: 13    Str: 23    XL:     9   Next: 73%
Magic:  8/8        EV:  6    Int:  5    God:    Okawaru [**....]
Gold:   379        SH: 11    Dex: 11    Spells: 0 memorised, 8 levels left

rFire  . . .     SeeInvis .     v - +2 flail (venom)
rCold  . . .     Gourm    .     e - +0 chain mail
rNeg   . . .     Faith    .     c - +0 shield
rPois  .         Spirit   .     (helmet restricted)
rElec  .         Reflect  .     y - +0 cloak
rCorr  .         Harm     .     l - +0 pair of gloves
MR     .....                    (no boots)
Stlth  ..........               d - amulet of regeneration
                                (no ring)
                                z - ring of flight

@: no status effects
A: retaliatory headbutt, horns 2
a: Heroism, Renounce Religion, Evoke Flight


You were on level 7 of the Dungeon.
You worshipped Okawaru.
Okawaru was pleased with you.
You were hungry.

You visited 2 branches of the dungeon, and saw 8 of its levels.

You collected 379 gold pieces.

Inventory:

Hand Weapons
 a - a +0 flail
 g - a cursed -1 shortbow
 v - a +2 flail of venom (weapon)
 x - a +0 mace of protection
 E - a +3 mace
Armour
 b - a +0 scale mail
 c - a +0 shield (worn)
 e - a +0 chain mail (worn)
 l - a +0 pair of gloves (worn)
 y - a +0 cloak (worn)
Jewellery
 d - an amulet of regeneration (around neck)
 z - a ring of flight (left hand)
Wands
 C - a wand of teleportation (5/9)
Scrolls
 h - a scroll of fear
 i - 3 scrolls of amnesia
 k - 2 scrolls of fog
 m - a scroll of teleportation
 o - a scroll of blinking {unknown}
 u - a scroll of identify
 D - a scroll of enchant armour {unknown}
Potions
 j - 3 potions of cancellation
 p - 2 potions of brilliance {unknown}
 q - 3 potions of degeneration {unknown}
 r - 3 potions of curing {unknown}
 s - a potion of berserk rage {unknown}
 t - 2 potions of magic {unknown}
 w - 3 potions of mutation {unknown}
 B - a potion of heal wounds {unknown}
Books
 F - a book of Clouds

   Spells                             Type                      Level
   a - Mephitic Cloud                 Conjuration/Poison/Air       3
   b - Conjure Flame                  Conjuration/Fire             3
   c - Poisonous Cloud                Conjuration/Poison/Air       6
   d - Freezing Cloud                 Conjuration/Ice/Air          6
   e - Ring of Flames                 Charms/Fire                  7
Comestibles
 f - 6 bread rations
 n - 2 meat rations
 A - a beef jerky


   Skills:
 * Level 10.0 Fighting
 * Level 10.2 Maces & Flails
 + Level 7.5 Armour
 + Level 7.6 Shields


You had 8 spell levels left.
You didn't know any spells.

Dungeon Overview and Level Annotations

Branches:
Dungeon (7/15)             Temple (1/1) D:6

Altars:
Ashenzari
Cheibriados
Dithmenos
Elyvilon
Fedhas
Gozag
Hepliaklqana
Kikubaaqudgha
Makhleb
Nemelex Xobeh
Okawaru
Qazlal
Ru
Sif Muna
Trog
Uskayaw
Vehumet
Xom
Yredelemnul
Zin
The Shining One

Shops:
D:5 *


Innate Abilities, Weirdness & Mutations

You reflexively headbutt those who attack you in melee.
You have a pair of horns on your head.


Message History

a giant spiked club; 2 chunks of flesh The hill giant hits you with a giant spiked club!!
You hit the hill giant.
The hill giant is poisoned.
You headbutt the hill giant.
The hill giant is lightly wounded.
You sock the hill giant! Your headbutt misses the hill giant.
The hill giant is moderately wounded.
The hill giant hits you but does no damage.
You sock the hill giant!
The hill giant looks as sick as possible!
The hill giant is heavily wounded.
The hill giant hits you with a giant spiked club!
You hit the hill giant but do no damage.
The hill giant looks as sick as possible!
You headbutt the hill giant!
The hill giant is severely wounded.
You completely miss the hill giant. You headbutt the hill giant!
The hill giant is almost dead.
The hill giant hits you with a giant spiked club!!
You die...

......
#.......##.#.#.#
#.#....). ######
#.......##.#...#
#.#.....?
#.......##.##..#
#.#######
#.......##.##..#
#.#
#..........##..#
#.# ...)#####..#
#.# .........>#
#.#
####.....####.#
#..C@.)..'..(.#
#.##.....######
#.....# #.....#
####### ######
.....# ####.#
#.#


You could see a hill giant.

Vanquished Creatures
  A hill giant (D:7)
  Prince Ribbit (D:6)
  Sigmund (D:2)
  Menkaure (D:6)
  A hungry ghost (D:7)
  Edmund (D:6)
  Duvessa (D:4)
  A phantom (D:7)
  2 ogres
  3 centaurs
  2 bullfrogs
  Dowan (D:4)
  A scorpion (D:7)
  9 wights
  2 crimson imps
  A centaur zombie (D:5)
  3 hounds
  A jelly (D:6)
  3 orc priests
  A bullfrog skeleton (D:5)
  Crazy Yiuf (D:3)
  Jessica (D:3)
  Ijyb (D:3)
  3 iguanas
  An orc wizard (D:4)
  7 worker ants
  A hound skeleton (D:5)
  6 gnolls
  5 adders
  3 river rats (D:6)
  An ooze (D:2)
  5 worms
  2 adder skeletons (D:4)
  An adder zombie (D:5)
  A dart slug (D:3)
  8 leopard geckos
  10 orcs
  5 bats
  3 giant cockroaches
  6 goblins
  9 hobgoblins
  3 jackals (D:4)
  4 quokkas
  2 ball pythons
  2 frilled lizards
  10 kobolds
  4 rats
142 creatures vanquished.

Notes
Turn   | Place    | Note
-------+----------+-------------------------------------------
     0 | D:1      | Firecrotchwizard the Minotaur Fighter began the quest for the Orb.
     0 | D:1      | Reached XP level 1. HP: 19/19 MP: 0/0
   187 | D:1      | Reached XP level 2. HP: 27/27 MP: 1/1
   779 | D:2      | Reached XP level 3. HP: 30/33 MP: 2/2
   849 | D:2      | Noticed Sigmund
   867 | D:2      | Killed Sigmund
   867 | D:2      | Reached skill level 5 in Fighting
   867 | D:2      | Reached XP level 4. HP: 11/42 MP: 3/3
   867 | D:2      | Reached XP level 5. HP: 13/48 MP: 4/4
  1476 | D:3      | Noticed Ijyb
  1486 | D:3      | Killed Ijyb
  1486 | D:3      | Reached skill level 5 in Maces & Flails
  1486 | D:3      | Reached XP level 6. HP: 54/56 MP: 5/5
  1529 | D:3      | Noticed Jessica
  1534 | D:3      | Killed Jessica
  1807 | D:3      | Found a runed door.
  1835 | D:3      | Noticed Crazy Yiuf
  1838 | D:3      | Killed Crazy Yiuf
  2030 | D:4      | Reached skill level 5 in Shields
  2080 | D:4      | Noticed Dowan
  2083 | D:4      | Noticed Duvessa
  2098 | D:4      | Killed Duvessa
  2098 | D:4      | Reached skill level 5 in Armour
  2098 | D:4      | Reached XP level 7. HP: 42/63 MP: 6/6
  2106 | D:4      | Killed Dowan
  2629 | D:5      | Entered Level 5 of the Dungeon
  2931 | D:5      | Found Qiohi's General Store.
  3228 | D:6      | Reached XP level 8. HP: 69/73 MP: 7/7
  3249 | D:6      | Noticed Prince Ribbit
  3260 | D:6      | Killed Prince Ribbit
  3542 | D:6      | Noticed Edmund
  3553 | D:6      | Killed Edmund
  3568 | D:6      | Found a staircase to the Ecumenical Temple.
  3575 | Temple   | Entered the Ecumenical Temple
  3623 | Temple   | Became a worshipper of Warmaster Okawaru
  3672 | D:6      | Noticed Menkaure
  3684 | D:6      | Killed Menkaure
  3874 | D:6      | Found a snail-covered altar of Cheibriados.
  4018 | D:6      | Reached XP level 9. HP: 59/82 MP: 8/8
  4047 | D:6      | Reached * piety under Okawaru
  4954 | D:7      | Noticed a hill giant
  4959 | D:7      | Killed a hill giant
  4959 | D:7      | Reached ** piety under Okawaru
  4959 | D:7      | Reached skill level 10 in Fighting
  4959 | D:7      | Reached skill level 10 in Maces & Flails
  4961 | D:7      | Noticed a hill giant
  4968 | D:7      | Mangled by a hill giant

Skill      XL: |  1  2  3  4  5  6  7  8  9 |
---------------+----------------------------+-----
Fighting       | 4 5 6 7 8 10 | 10.0
Maces & Flails | 3 4 5 7 8 10 | 10.2
Shields        | 4 5 6 7 |  7.6
Armour         | 4 5 6 7 |  7.5

Action                   |  1- 3 |  4- 6 |  7- 9 || total
-------------------------+-------+-------+-------++-------
Melee: Flail             |    70 |    73 |   133 ||   276
       Headbutt          |     9 |    18 |    56 ||    83
       Mace              |       |    39 |   175 ||   214
Invok: Heroism           |       |       |     1 ||     1
  Use: Potion            |     1 |       |       ||     1
       Scroll            |       |       |    11 ||    11
  Eat: Chunk             |       |     3 |     9 ||    12
       Fruit             |       |       |     3 ||     3
Armor: Chain mail        |    33 |    41 |   117 ||   191
Dodge: Dodged            |    13 |    17 |    58 ||    88
Block: Shield            |    28 |    66 |   129 ||   223
